 Dungeon Crawl Stone Soup version 0.27-a0-46-g34d46f0a3f (webtiles) character file.

Game seed: 5612593341675629628

17 Borgoz the Grave Robber (level 2, 7/23 HPs)
             Began as a Ghoul Necromancer on Jan 7, 2021.
             Quit the game on level 1 of the Dungeon.
             The game lasted 00:00:49 (588 turns).

Borgoz the Grave Robber (Ghoul Necromancer)          Turns: 588, Time: 00:00:49

Health: 7/23       AC:  2    Str: 11    XL:     2   Next: 62%
Magic:  3/3        EV: 12    Int: 10    God:
Gold:   28         SH:  0    Dex:  9    Spells: 3/4 levels left

rFire    . . .     SeeInvis .     - Unarmed
rCold    + . .     Faith    .   (no shield)
rNeg     + + +     Spirit   .   a - +0 robe
rPois    ∞         Reflect  .   (no helmet)
rElec    .         Harm     .   (no cloak)
rCorr    .         Rampage  .   (no gloves)
Will     .....                  (no boots)
Stlth    ++........             (no amulet)
HPRegen  0.00/turn              (no ring)
MPRegen  0.08/turn              (no ring)

@: no status effects
A: claws 1, cold resistance 1, negative energy resistance 3, inhibited
regeneration, torment resistance, unbreathing
a: no special abilities


You were on level 1 of the Dungeon.
You visited 1 branch of the dungeon, and saw 1 of its levels.

You collected 28 gold pieces.

Inventory:

Armour
 a - a +0 robe (worn)
Scrolls
 b - a scroll of enchant armour {unknown}
 e - a scroll of teleportation {unknown}
Potions
 c - a potion of mutation {unknown}
 d - a potion of curing {unknown}


   Skills:
 * Level 1.2 Fighting
 + Level 0.7 Armour
 + Level 2.0 Dodging
 - Level 2.1 Stealth
 * Level 1.0 Unarmed Combat
 - Level 1.7 Spellcasting
 - Level 4.0 Necromancy


You had 3 spell levels left.
You knew the following spells:

 Your Spells              Type           Power        Failure   Level
a - Pain                  Necr           32%          6%          1

Your spell library contained the following spells:

 Spells                   Type           Power        Failure   Level
 Animate Skeleton         Necr           16%          6%          1
 Vampiric Draining        Necr           4%           19%         3
 Animate Dead             Necr           4%           52%         4
 Agony                    Necr           8%           86%         5


Dungeon Overview and Level Annotations

Branches:
Dungeon (1/15)

Altars:


Innate Abilities, Weirdness & Mutations

You thrive by killing the living.
You are immune to poison.
You have sharp fingernails.
Your flesh is cold resistant. (rC+)
You are immune to negative energy. (rN+++)
You do not regenerate when monsters are visible.
You are immune to unholy pain and torment.
You can survive without breathing.


Message History

You are too injured to fight recklessly!
You are too injured to fight recklessly!
You are too injured to fight recklessly!
You are too injured to fight recklessly!
You are too injured to fight recklessly!
You are too injured to fight recklessly!
You are too injured to fight recklessly!
You are too injured to fight recklessly!
You are too injured to fight recklessly!
You are too injured to fight recklessly!
You are too injured to fight recklessly!
You are too injured to fight recklessly!
You are too injured to fight recklessly!
You are too injured to fight recklessly!
You are too injured to fight recklessly!
You are too injured to fight recklessly!
You are too injured to fight recklessly!
You are too injured to fight recklessly!
You are too injured to fight recklessly!
Are you sure you want to abandon this character and quit the game? (Confirm with "yes".)

.....# ..#### #... #...
#.# #... #... #.###
.....###... #...# #.#
...... ###.## #.# ....
#..#####[# #..#
##.....#.# #.l#
#####...####.@###.?. ###
##.>##..ghhK..$.. ..####
#.......g.......
#..........#.#...g......
##..######..............
.....# ##.#.#...g..)..
.###.# #.#..........#
..##.# #.##...##.####
#..#.#### #.. .#.# .#


You could see a leopard gecko, 2 jackals, 2 hobgoblins, 2 goblins and a kobold.

Vanquished Creatures
  A dart slug (D:1)
  3 giant cockroaches (D:1)
  A hobgoblin (D:1)
  A kobold (D:1)
  A bat (D:1)
  A frilled lizard (D:1)
  9 rats (D:1)
17 creatures vanquished.

Notes
Turn   | Place    | Note
-------+----------+-------------------------------------------
     0 | D:1      | Borgoz the Ghoul Necromancer began the quest for the Orb.
     0 | D:1      | Reached XP level 1. HP: 14/14 MP: 2/2
   275 | D:1      | Reached XP level 2. HP: 14/22 MP: 3/3
   435 | D:1      | Reached skill level 1 in Fighting
   484 | D:1      | Reached skill level 1 in Unarmed Combat
   588 | D:1      | Quit the game

Illustrated notes

Levels and vault maps discovered:
D:1:      psy_arrival_fountain, layout_rooms, hangedman_decor_growths,
          roderic_serpentine_path, minmay_rat_gold_closets

Skill      XL: |  1  2 |
---------------+-------+-----
Fighting       | 1 |  1.2
Unarmed Combat | 1 |  1.0
Dodging        | 2 |  2.0
Armour         | |  0.7
Stealth        | |  2.1
Spellcasting   | |  1.7
Necromancy     | |  4.0

Action                   || total
-------------------------++-------
Melee: Unarmed           ||    74
 Stab: Sleeping          ||     5
Armor: Robe              ||    10
Dodge: Dodged            ||    48

Table legend: (Time is in decaauts)
 A = Elapsed time spent in this place.
 B = Non-inter-level travel time spent in this place.
 C = Inter-level travel time spent in this place.
 D = Time resting spent in this place.
 E = Time spent auto-exploring this place.
 F = Levels seen in this place.
 G = Mean time per level.
                   A        B        C        D        E       F      G
               +--------+--------+--------+--------+--------+-----+--------+
         Total |    586 |    586 |      0 |      0 |    477 |   1 |  586.0 |
       Dungeon |    586 |    586 |      0 |      0 |    477 |   1 |  586.0 |
               +--------+--------+--------+--------+--------+-----+--------+

Top non-repeatable levels by time:
     D:1: 586 daAuts
